 Dungeon Crawl Stone Soup version 0.29.1-1-gd02db6906a (webtiles) character file.

Game seed: 6240736684379167235

482 sankara the Chopper (level 6, -4/56 HPs)
             Began as a Minotaur Fighter on Oct 14, 2022.
             Was an Initiate of Okawaru.
             Slain by Duvessa
             ... wielding a +0 short sword
              (6 damage)
             ... on level 4 of the Dungeon.
             The game lasted 00:11:57 (4539 turns).

sankara the Chopper (Minotaur Fighter)              Turns: 4539, Time: 00:11:58

Health: -4/56      AC: 12    Str: 21    XL:     6   Next: 87%
Magic:  5/5        EV:  6    Int:  5    God:    Okawaru [......]
Gold:   212        SH:  6    Dex: 11    Spells: 5/5 levels left

rFire   . . .      SeeInvis .   a - +0 war axe
rCold   . . .      Faith    .   c - +1 buckler
rNeg    . . .      Spirit   .   m - +0 plate armour
rPois   .          Reflect  .   (helmet restricted)
rElec   .          Harm     .   (no cloak)
rCorr   .          Rampage  .   (no gloves)
Will    +....                   (no boots)
Stlth   ..........              (no amulet)
HPRegen 0.18/turn               C - ring of willpower
MPRegen 0.09/turn               p - +4 ring of slaying

@: no status effects
A: horns 2, retaliatory headbutt
a: Renounce Religion


You were on level 4 of the Dungeon.
You worshipped Okawaru.
Okawaru was noncommittal.
You visited 2 branches of the dungeon, and saw 5 of its levels.

You collected 242 gold pieces.
You spent 30 gold pieces at shops.

Inventory:

Hand Weapons
 a - a +0 war axe (weapon)
Missiles
 j - 2 throwing nets
 k - 20 stones
 n - 4 poisoned darts
 y - 6 javelins (quivered)
 A - 6 boomerangs
Armour
 c - a +1 buckler (worn)
 m - a +0 plate armour (worn)
Jewellery
 i - a ring of positive energy
 p - a +4 ring of slaying (right hand)
 q - a ring of ice
 C - a ring of willpower (left hand)
Scrolls
 e - a scroll of magic mapping
 l - 2 scrolls of amnesia {unknown}
 o - a scroll of silence {unknown}
 u - a scroll of poison {unknown}
 w - a scroll of enchant armour
 B - a scroll of teleportation {unknown}
Potions
 b - a potion of brilliance
 d - 2 potions of might
 f - a potion of flight
 g - a potion of degeneration {unknown}
 h - 2 potions of heal wounds
 r - 2 potions of mutation
 s - a potion of attraction {unknown}
 t - 4 potions of curing
 v - a potion of invisibility {unknown}
 x - a potion of cancellation {unknown}
 z - a potion of lignification {unknown}


   Skills:
 + Level 5.3 Fighting
 * Level 6.1 Axes
 + Level 5.3 Armour
 + Level 0.4 Dodging
 - Level 5.0 Shields


You had 5 spell levels left.
You didn't know any spells.
Your spell library contained the following spells:

 Spells                   Type           Power      Damage    Failure   Level
 Sting                    Tmut/Pois      0%         1d3       100%        1
 Poisonous Vapours        Pois/Air       0%         N/A       100%        2
 Ignite Poison            Fire/Tmut/Pois 0%         N/A       100%        3
 Mephitic Cloud           Conj/Pois/Air  0%         N/A       100%        3
 Olgreb's Toxic Radiance  Pois           0%         N/A       100%        4
 Freezing Cloud           Conj/Ice/Air   0%         6-21      100%        5


Dungeon Overview and Level Annotations

Branches:
Dungeon (4/15)             Temple (1/1) D:4

Altars:
Ashenzari
Cheibriados
Elyvilon
Gozag
Hepliaklqana
Kikubaaqudgha
Makhleb
Nemelex Xobeh
Okawaru
Qazlal
Ru
Sif Muna
Trog
Uskayaw
Vehumet
Xom
Yredelemnul
Zin
The Shining One

Shops:
D:1 (   D:3 !

Annotations:
D:4 Duvessa, Pikel


Innate Abilities, Weirdness & Mutations

You have a pair of horns on your head.
You reflexively headbutt those who attack you in melee.


Message History

Dowan hits you but does no damage.
You are poisoned.
You slash Dowan!
You kill Dowan!
Okawaru accepts your kill.
You hear a distant scream of rage.
You feel very sick.
Your Axes skill increases to level 6!
You feel sick.
Duvessa shouts!
Duvessa goes berserk!
Things that are here:
a +2 dagger of venom; a +0 leather armour You barely miss Duvessa.
You feel sick. Duvessa barely misses you. x2
You hit Duvessa but do no damage.
You feel sick. Duvessa hits you with a +0 short sword.
Duvessa hits you but does no damage.
Unknown command.
You hit Duvessa but do no damage.
You feel sick. Duvessa completely misses you. You furiously retaliate!
You headbutt Duvessa. You block Duvessa's attack.
You slash Duvessa! You headbutt Duvessa!
Duvessa is moderately wounded.
You feel sick.
You are no longer poisoned.
Duvessa hits you with a +0 short sword.
You hit Duvessa but do no damage.
Duvessa is moderately wounded.
Duvessa hits you but does no damage. Duvessa hits you with a +0 short sword.
You closely miss Duvessa. You headbutt Duvessa!
Duvessa is heavily wounded.
Duvessa hits you with a +0 short sword! x2
* * * LOW HITPOINT WARNING * * *
You are too injured to fight recklessly!
You are too injured to fight recklessly!
You are too injured to fight recklessly!
You hit Duvessa but do no damage.
Duvessa is heavily wounded.
Duvessa hits you with a +0 short sword!
* * * LOW HITPOINT WARNING * * *
Duvessa hits you with a +0 short sword.
You die...

###...##.######.
#..........# #.
#.#...##.#.## #.
#.##.###....###.
#.##.# #........
#.##.# ##...####
# #.##.# ##.##
#..####.##.# #.#
#...e@..##.# #.#
#.......[..# #.#
#...######## #.#
##.# #.##### #.
#...... #
####### ##.##
##...##
##.....###


You could see Duvessa (berserk).

Vanquished Creatures
  Menkaure (D:4)
  4 lemures
  Dowan (D:4)
  A howler monkey (D:4)
  A gnoll bouda (D:4)
  An orc priest (D:4)
  2 orc wizards (D:4)
  5 adders
  7 gnolls
  A worm (D:3)
  3 dart slugs
  2 orcs
  5 endoplasms
  2 giant cockroaches (D:2)
  A goblin (D:4)
  6 hobgoblins
  4 jackals (D:3)
  A quokka (D:2)
  2 ball pythons (D:3)
  3 bats
  4 frilled lizards
  3 kobolds
  4 rats
64 creatures vanquished.

Notes
Turn   | Place    | Note
-------+----------+-------------------------------------------
     0 | D:1      | sankara the Minotaur Fighter began the quest for the Orb.
     0 | D:1      | Reached XP level 1. HP: 19/19 MP: 0/0
   234 | D:1      | Found a faded altar of an unknown god.
   402 | D:1      | Reached XP level 2. HP: 27/27 MP: 1/1
   559 | D:1      | Reached skill level 3 in Axes
   615 | D:1      | Found Butriwko's Weapon Boutique.
  1209 | D:2      | Reached XP level 3. HP: 33/33 MP: 2/2
  1353 | D:2      | Found a radiant altar of Vehumet.
  1378 | D:2      | Reached XP level 4. HP: 19/40 MP: 3/3
  1383 | D:2      | Reached skill level 4 in Axes
  2177 | D:3      | Found Migybae's Distillery.
  2198 | D:3      | Bought a potion of curing for 30 gold pieces
  2397 | D:3      | Found an opulent altar of Gozag.
  2427 | D:3      | Found a hide-covered altar of Uskayaw.
  3270 | D:4      | Reached XP level 5. HP: 22/47 MP: 4/4
  3534 | D:4      | Noticed a lemure
  3537 | D:4      | Noticed Duvessa
  3564 | D:3      | Killed a lemure
  3647 | D:4      | Noticed Menkaure
  3653 | D:4      | Killed Menkaure
  3654 | D:4      | Reached skill level 5 in Fighting
  3654 | D:4      | Reached skill level 5 in Axes
  3654 | D:4      | Reached skill level 5 in Armour
  3654 | D:4      | Reached XP level 6. HP: 38/56 MP: 5/5
  3836 | D:4      | Noticed Pikel
  3965 | D:4      | Reached skill level 5 in Shields
  3975 | D:4      | Found a staircase to the Ecumenical Temple.
  3980 | Temple   | Entered the Ecumenical Temple
  3980 | Temple   | Found a transporter.
  3980 | Temple   | Found a transporter.
  3982 | Temple   | Found a transporter.
  3982 | Temple   | Found a transporter.
  4092 | Temple   | Became a worshipper of Warmaster Okawaru
  4522 | D:4      | Noticed Dowan
  4531 | D:4      | Killed Dowan
  4532 | D:4      | Reached skill level 6 in Axes
  4539 | D:4      | HP: 2/56 [Duvessa/+0 short sword (13)]
  4539 | D:4      | Slain by Duvessa

Illustrated notes

Levels and vault maps discovered:
D:1:      denvon_arrival_waterhouse, layout_loops_cross,
          hellmonk_ecumenical_altar_pennies_from_heaven, serial_shops,
          nicolae_shop_bloodbath_and_beyond, minmay_fountain_box
D:2:      layout_loops_corners, basic_altar
D:3:      layout_loops_corners, minitemple, serial_shops, shop,
          minmay_misc_feat_hallway
D:4:      layout_loops_ring, temple_doors_e, uniq_menkaure, uniq_pikel,
          uniq_duvessa, uniq_crazy_yiuf_cottage
Temple:   hellmonk_temple_divided_pantheon

Skill      XL: |  1  2  3  4  5  6 |
---------------+-------------------+-----
Axes           | 3 4 5 6 |  6.1
Fighting       | 4 5 |  5.3
Armour         | 4 5 |  5.3
Shields        | 4 5 |  5.0
Dodging        | |  0.4

Action                   |  1- 3 |  4- 6 || total
-------------------------+-------+-------++-------
Melee: War axe           |    49 |   109 ||   158
       Headbutt          |     9 |    19 ||    28
Throw: Stone             |       |     4 ||     4
       Javelin           |       |     2 ||     2
  Use: Scroll            |       |     9 ||     9
Armor: Scale mail        |     6 |       ||     6
       Plate armour      |    14 |    50 ||    64
Dodge: Dodged            |    20 |    26 ||    46
Block: Buckler           |    12 |    24 ||    36
